 Dungeon Crawl Stone Soup version 0.20-a0-1017-gc3250ce (webtiles) character file.

597800 Fingolfin792 the Slingshot (level 27, -5/188 HPs)
             Began as a Halfling Hunter on Apr 13, 2017.
             Was a High Priest of Okawaru.
             Killed from afar by a war gargoyle (39 damage)
             ... with a spray of metal splinters
             ... on level 4 of the Vaults on Apr 16, 2017.
             The game lasted 10:02:53 (93501 turns).

Fingolfin792 the Slingshot (Halfling Hunter)       Turns: 93501, Time: 10:02:54

Health: -5/188     AC: 16    Str: 13 (15) XL:     27
Magic:  8/33       EV: 38    Int: 12 (13) God:    Okawaru [*****.]
Gold:   2937       SH: 14    Dex: 31      Spells: 5/40 levels left

rFire    . . .     SeeInvis +   a - +1 demon blade (elec)
rCold    + . .     Gourm    .   A - +1 buckler {reflect}
rNeg     . . .     Faith    .   N - +5 robe of Night {Dark MR+ SInv}
rPois    +         Spirit   .   (no helmet)
rElec    +         Reflect  +   U - scarf {rC+}
rCorr    .         Harm     .   I - +2 pair of gloves {Dex+3}
MR       +++..     Rnd*Rage +   V - +1 pair of boots {run}
Stlth    ++++++++..             L - amulet of the Townfolk {rElec rPois Regen+ Str+3 Dex+5}
Regen    0.9/turn               Q - +6 ring of slaying
MPRegen  0.3/turn               Y - ring of wizardry

@: heroism, finesse, very slightly contaminated, quick
A: rugged brown scales 1, berserk 1, blurry vision 1, deterioration 1, mutation
resistance 1, weak 1, subdued magic 2
}: 3/15 runes: decaying, serpentine, abyssal
a: Heroism, Finesse, Renounce Religion


You were on level 4 of the Vaults.
You worshipped Okawaru.
Okawaru was extremely pleased with you.
You were hungry.

You visited 9 branches of the dungeon, and saw 45 of its levels.
You visited the Abyss 1 time.
You visited 1 bazaar.
You also visited: Labyrinth, Ice Cave and Wizlab.

You collected 6700 gold pieces.
You spent 3763 gold pieces at shops.

Inventory:

Hand Weapons
 a - a +1 demon blade of electrocution (weapon)
 b - a +3 fustibalus of flaming
Missiles
 d - 322 sling bullets
 h - 479 stones (quivered)
Armour
 A - a +1 buckler of reflection (worn)
 I - a +2 pair of gloves of dexterity (worn)
 N - the +5 robe of Night (worn) {Dark MR+ SInv}
   (You took it off a naga on level 2 of the Snake Pit)

   It affects your resistance to hostile enchantments.
   It lets you see invisible.
 U - a scarf of cold resistance (worn)
 V - a +1 pair of boots of running (worn)
Jewellery
 k - an uncursed ring of see invisible
 q - an uncursed ring of protection from fire
 x - an uncursed ring of flight
 L - the amulet of the Townfolk (around neck) {rElec rPois Regen+ Str+3 Dex+5}
   (You bought it in a shop on level 10 of the Dungeon)

   [amulet of regeneration]

   It affects your strength (+3).
   It affects your dexterity (+5).
   It insulates you from electricity.
   It protects you from poison.
   It increases your rate of regeneration.
 Q - a +6 ring of slaying (left hand)
 W - the ring "Lyut" {rPois rC++ Str-2 Dex+3}
   (You took it off a black draconian on level 5 of the Depths)

   [ring of dexterity]

   It affects your strength (-2).
   It affects your dexterity (+3).
   It greatly protects you from cold.
   It protects you from poison.
 Y - a ring of wizardry (right hand)
Wands
 G - a wand of digging (11/24)
Scrolls
 c - 2 scrolls of blinking
 j - 19 scrolls of remove curse
 l - 11 scrolls of teleportation
 p - 12 scrolls of fear
 F - 3 scrolls of fog
 M - 3 scrolls of magic mapping
Potions
 e - 10 potions of curing
 g - a potion of ambrosia
 m - 3 potions of flight
 n - 3 potions of cancellation
 w - 6 potions of agility
 z - 7 potions of might
 E - a potion of berserk rage
 H - a potion of haste
 J - 6 potions of resistance
 O - 5 potions of brilliance
 R - 3 potions of heal wounds
 X - 3 potions of magic
Comestibles
 f - 4 bread rations
 i - 20 royal jellies
 o - 18 chunks of flesh


   Skills:
 - Level 14.1(19.1) Fighting
   Level 10.7(20.3) Short Blades
 - Level 15.2(21.0) Long Blades
 - Level 23.0(27) Slings
 - Level 14.4(19.4) Armour
 - Level 15.9(20.9) Dodging
 - Level 14.3(19.3) Stealth
 * Level 16.2(21.2) Shields
 - Level 7.2 Spellcasting
 - Level 7.2 Hexes
 - Level 7.1 Charms
 - Level 21.1 Translocations
 - Level 6.6 Ice Magic
 + Level 14.4 Invocations
 - Level 8.1 Evocations


You had 5 spell levels left.
You knew the following spells:

 Your Spells              Type           Power        Failure   Level  Hunger
a - Portal Projectile     Hex/Tloc       ###...       1%          3    ###....
b - Blink                 Tloc           N/A          0%          2    #......
c - Dispersal             Tloc           ####......   1%          6    #######
d - Disjunction           Tloc           ####......   6%          8    #######
e - Ozocubu's Armour      Chrm/Ice       ##......     1%          3    ###....
f - Passwall              Tmut/Erth      #.........   9%          2    #......
t - Apportation           Tloc           ####..       0%          1    None
B - Controlled Blink      Tloc           N/A          6%          8    #######
S - Swiftness             Chrm/Air       #.......     1%          2    #......


Dungeon Overview and Level Annotations

Branches:
Dungeon (15/15)            Temple (1/1) D:6            Lair (6/6) D:9
  Swamp (4/4) Lair:4        Snake (4/4) Lair:4        Slime (0/5) Lair:6
    Orc (2/2) D:12            Elf (3/3) Orc:2        Vaults (5/5) D:14
  Crypt (0/3) Vaults:2     Depths (5/5) D:15            Zot (0/5) Depths:5

Altars:
Ashenzari
Cheibriados
Dithmenos
Elyvilon
Fedhas
Gozag
Hepliaklqana
Kikubaaqudgha
Makhleb
Nemelex Xobeh
Okawaru
Qazlal
Ru
Sif Muna
Trog
Uskayaw
Vehumet
Wu Jian
Xom
Yredelemnul
Zin
The Shining One
Beogh

Shops:
D:10 }?=   Orc:2 :**[   Elf:1 }   Snake:1 }=}   Vaults:3 (=(!

Portals:
Hell: Depths:1 Depths:2 Depths:3 Depths:4 Depths:5
Abyss: Depths:4
Pandemonium: Depths:3 Depths:4
Ziggurat: Depths:4

Annotations:
Vaults:5 Frederick


Innate Abilities, Weirdness & Mutations

You are small and have problems with some larger weapons.
You are somewhat resistant to further mutation.
You are partially covered in rugged brown scales. (AC +1, +3% HP)
You tend to lose your temper in combat.
Scrolls take you a little longer to read.
Your body sometimes deteriorates upon taking damage.
You are weak. (Str -2)
Your spells are easier to cast, but less powerful.


Message History

You closely miss the vault guard.
The vault guard is almost dead.
You hit the vault guard but do no damage.
The vault guard is almost dead.
You slice the vault guard!!
Lightning courses through the vault guard!
You kill the vault guard!
Okawaru accepts your kill.
The vault guard hits you with a battleaxe.
* * * LOW HITPOINT WARNING * * *
You hit the vault guard but do no damage.
The vault guard is almost dead.
You block the vault guard's attack.
The vault guard hits you with a long sword!!
* * * LOW HITPOINT WARNING * * *
You block the vault guard's attack.
You feel much better.
The war gargoyle launches metal splinters at you.
The spray of metal splinters hits you!
You die...

............................#
(((.........................#
######..#################...#
#..# ######### #...# #..#
#....(..# #...# ## #..#
#...((..# #...# .# #..#
#.[[[...# #...# .# #..#
#.)p)(..# #...# .# #..#
#.[@pp..# #...# .# #..#
#..p9...# #...# .# #..#
###'########...# .# #.^#
#..........#...# .# #..#
#.........)'...# .# #..#
#.........)#...# ## #..#
#........[.#...# #..#
#....##.)).#...# #..#
#....##....#...#


You could see 4 vault guards and a war gargoyle.

Vanquished Creatures
  An ancient lich (Vaults:4)
  Mara (Swamp:3)
  the Lernaean hydra (Swamp:4)
  Saint Roka (Depths:3)
  Vashnia (Snake:2)
  Margery (D:15)
  Xtahua (Depths:3)
  6 golden dragons
  5 tentacled monstrosities
  7 liches
  Jorgrun (Swamp:4)
  Rupert (Lair:4)
  3 deep elf master archers (Elf:3)
  2 deep elf blademasters
  5 tentacled starspawn
  Frances (D:12)
  5 sphinxes
  An Executioner (Abyss:2)
  2 tengu reavers
  Gastronok (Lair:1)
  3 thorn hunters
  A shadow dragon (Depths:3)
  2 storm dragons
  Kirke (Lair:4)
  4 draconian monks (Depths:5)
  9 frost giants
  Roxanne (Elf:3)
  12 nagarajas
  10 fire giants
  Aizul (Swamp:3)
  Louise (Swamp:4)
  9 deep elf sorcerers
  2 caustic shrike zombies
  An orc warlord (Orc:2)
  An iron dragon (Depths:4)
  6 vault wardens
  A cacodemon (Abyss:4)
  2 balrugs
  6 deep elf elementalists
  The ghost of 4thArraOfDagon the Martial Artist, a journeyman GnWn of Cheibriados (Elf:3)
  A draconian stormcaller (Depths:5)
  A reaper (Depths:3)
  18 very ugly things
  A spriggan defender (Depths:2)
  13 ironheart preservers
  2 draconian annihilators (Depths:5)
  23 stone giants
  An entropy weaver (Vaults:1)
  4 vampire knights
  A green draconian (Depths:5)
  10 starcursed masses
  6 black draconians (Depths:5)
  5 deep elf demonologists
  2 red draconians (Depths:5)
  3 spark wasps
  2 white draconians (Depths:5)
  7 deep elf annihilators
  14 purple draconians
  A blizzard demon (Abyss:4)
  12 ettins
  A minotaur (Lab)
  Snorg (Lair:4)
  5 deep elf death magi
  22 fire dragons
  3 deep elf high priests (Elf:3)
  A merfolk impaler (Depths:2)
  3 jiangshi (Depths:3)
  11 yaktaur captains
  A quicksilver dragon skeleton (Abyss:3)
  14 great orbs of eyes
  Fannar (Lair:1)
  14 vault guards
  4 spriggan air magi
  12 ice dragons
  A ghost crab (Swamp:3)
  A monstrous demonspawn (Depths:3)
  26 hydras
  34 naga warriors
  Erica (Lair:1)
  8 alligators
  8 anacondas
  4 rakshasas
  13 ogre magi
  34 two-headed ogres
  29 dancing weapons
  A death knight (Vaults:2)
  16 deep troll earth magi
  17 deep troll shamans
  A hell hog (Abyss:3)
  12 centaur warriors
  6 death yaks
  5 vampire magi
  11 tengu warriors
  2 orc high priests
  7 shock serpents
  9 spriggan berserkers
  A shock serpent (shapeshifter) (Elf:3)
  7 thrashing horrors
  33 naga sharpshooters
  23 deep elf knights
  A soul eater (Depths:4)
  A sun demon (Abyss:3)
  21 hell knights
  Sonja (Lair:1)
  6 wretched stars
  7 skeletal warriors
  13 iron trolls
  7 salamander mystics
  A shadow wraith (Abyss:3)
  4 death drakes (Depths:5)
  A fire crab (shapeshifter) (Depths:4)
  3 unseen horrors
  62 deep trolls
  A sea snake (shapeshifter) (Depths:5)
  4 sixfirhies
  An infernal demonspawn (Depths:4)
  An unseen horror (shapeshifter) (Vaults:2)
  A shambling mangrove (Swamp:3)
  6 flayed ghosts
  12 wizards
  A death drake (shapeshifter) (Depths:4)
  10 swamp dragons
  A glowing orange brain (shapeshifter) (Vaults:1)
  9 glowing orange brains
  A torturous demonspawn (Depths:3)
  2 orange crystal statues
  16 harpies
  7 naga ritualists
  20 deep elf archers
  11 ironbrand convokers
  13 large abominations
  50 ugly things
  An obsidian statue (Vaults:2)
  13 necromancers
  11 orc knights
  6 orc sorcerers
  6 phantasmal warriors
  8 mana vipers
  2 wolf spiders (Vaults:3)
  13 cyclopes
  A mana viper (shapeshifter) (Depths:4)
  5 manticores
  6 lindwurms
  A human zombie (Vaults:4)
  A harpy (shapeshifter) (Depths:4)
  77 deep elf magi
  A sphinx skeleton (Depths:1)
  4 worldbinders
  A cyclops (shapeshifter) (Depths:4)
  A moth of wrath (shapeshifter) (Depths:4)
  14 salamanders
  A manticore (shapeshifter) (Depths:4)
  9 elephants
  A salamander (shapeshifter) (Elf:2)
  A fire giant zombie (Vaults:4)
  An elephant (shapeshifter) (Depths:4)
  9 guardian serpents
  A fire giant skeleton (Depths:3)
  A rust devil (Abyss:2)
  2 apocalypse crabs
  2 centaur zombies
  2 molten gargoyles (Lair:6)
  46 black mambas
  A stone giant skeleton (Vaults:3)
  Maurice (D:12)
  26 naga magi
  An eye of devastation (shapeshifter) (Vaults:2)
  9 smoke demons
  13 vault sentinels
  3 gargoyles
  A black mamba (shapeshifter) (Vaults:1)
  3 ice statues (IceCv)
  An eye of devastation (Abyss:4)
  An orange demon (Abyss:3)
  16 spiny frogs
  Psyche (D:12)
  15 komodo dragons
  67 yaktaurs
  A tormentor (Depths:4)
  8 freezing wraiths
  A kobold demonologist (D:15)
  A hellwing (Depths:3)
  A yaktaur skeleton (Vaults:3)
  A rime drake (Lair:6)
  10 tengu conjurers
  9 trolls
  A red devil (Depths:3)
  2 jumping spiders (shapeshifter)
  3 spriggan skeletons
  4 ancient zymes
  2 ice devils (D:13)
  2 meliai (shapeshifter) (Depths:4)
  3 meliai
  A troll (shapeshifter) (Vaults:4)
  15 blink frogs
  10 tyrant leeches
  30 hornets
  A wind drake (Depths:5)
  A wolf spider simulacrum (Abyss:4)
  2 raiju (shapeshifter)
  A polar bear (Lair:5)
  A wind drake (shapeshifter) (Depths:4)
  28 slime creatures
  17 raiju
  A frost giant simulacrum (Abyss:3)
  7 dream sheep (Lair:4)
  18 bog bodies
  2 hippogriffs (shapeshifter) (Depths:4)
  9 hippogriffs
  The ghost of mopl the Sneak, an amateur DEAs (D:4)
  3 flying skulls
  A centaur simulacrum (D:15)
  23 spriggans
  Sigmund (D:3)
  6 water elementals
  10 air elementals
  3 shadows
  A tarantella (shapeshifter) (Depths:4)
  6 wyverns
  An elf zombie (Depths:3)
  8 basilisks
  A basilisk (shapeshifter) (Depths:4)
  6 fire elementals
  2 wraiths
  4 ynoxinuls
  A hog (Lair:4)
  27 yaks
  5 neqoxecs
  A golden eye (shapeshifter) (Elf:3)
  20 humans
  25 vampire mosquitoes
  3 chaos spawn
  3 steam dragons
  2 hungry ghosts
  4 wargs
  25 swamp worms
  26 insubstantial wisps
  A naga (shapeshifter) (Depths:3)
  A spiny frog zombie (Abyss:4)
  An acid dragon (shapeshifter) (Depths:1)
  78 nagas
  A deep troll zombie (Vaults:3)
  27 water moccasins
  3 acid dragons
  9 hell hounds
  10 small abominations
  4 floating eyes
  14 porcupines
  13 ice beasts
  7 sky beasts
  18 swamp drakes
  An eye of draining (shapeshifter) (Depths:4)
  37 orc warriors
  2 eyes of draining
  A phantom (D:5)
  41 ogres
  A sky beast (shapeshifter) (Depths:4)
  3 boggarts (Vaults:2)
  27 centaurs
  28 wolves
  A swamp dragon skeleton (Abyss:2)
  11 crocodiles
  3 big kobolds
  18 bullfrogs
  A wyvern zombie (D:15)
  5 earth elementals
  A hornet simulacrum (D:13)
  A water moccasin skeleton (D:4)
  4 scorpions
  28 killer bees
  18 wights
  A human simulacrum (Vaults:4)
  4 electric eels
  11 howler monkeys
  5 lava snakes (Lair:6)
  A crimson imp (D:10)
  A bullfrog zombie (D:12)
  2 quasits
  2 iron imps
  3 bullfrog skeletons
  8 hounds
  4 jellies
  18 orc priests
  Ijyb (D:4)
  6 centaur skeletons
  25 orc wizards
  Terence (D:2)
  8 iguanas
  9 worker ants
  10 statues
  A killer bee zombie (D:10)
  A hound zombie (D:7)
  A worker ant zombie (D:9)
  16 adders
  16 gnolls
  An adder (shapeshifter) (Depths:3)
  A howler monkey skeleton (D:7)
  6 shadow imps
  2 ufetubi
  An ooze (D:3)
  3 worms
  3 dart slugs
  5 leopard geckos
  86 orcs
  5 giant cockroaches
  4 goblins
  13 hobgoblins
  6 jackals
  26 kobolds
  2 quokkas
  3 ball pythons
  9 bats
  5 frilled lizards
  6 rats
  2 lurking horrors
  A starspawn tentacle (Abyss:2)
2529 creatures vanquished.

Vanquished Creatures (collateral kills)
  A spriggan air mage (Depths:1)
  A hornet (Depths:1)
  A spriggan (Depths:1)
3 creatures vanquished.

Vanquished Creatures (others)
  An ironheart preserver (Vaults:3)
  A spriggan defender (Depths:3)
  A stone giant (Depths:3)
  A yaktaur captain (Depths:1)
  A centaur warrior (Depths:3)
  A hell hog (Abyss:4)
  A deep elf archer (Elf:1)
  3 yaktaurs
  A large abomination (Abyss:2)
  4 humans (Lair:4)
  A water moccasin (Lair:4)
  An ogre (Vaults:1)
  3 centaurs
  A bush (Lair:4)
  17 fungi
  36 plants
  16 starspawn tentacles
90 creatures vanquished.

Grand Total: 2622 creatures vanquished

Notes
Turn   | Place    | Note
-------+----------+-------------------------------------------
     0 | D:1      | Fingolfin792 the Halfling Hunter began the quest for the Orb.
     0 | D:1      | Reached XP level 1. HP: 14/14 MP: 1/1
    68 | D:1      | Reached skill level 6 in Slings
   169 | D:1      | Reached XP level 2. HP: 15/19 MP: 2/2
   638 | D:1      | Reached skill level 7 in Slings
   638 | D:1      | Reached XP level 3. HP: 24/24 MP: 3/3
  1367 | D:2      | Reached XP level 4. HP: 23/29 MP: 4/4
  1523 | D:2      | Reached skill level 8 in Slings
  1776 | D:2      | Noticed Terence
  1840 | D:2      | Killed Terence
  2187 | D:2      | Reached XP level 5. HP: 34/34 MP: 5/5
  2384 | D:3      | Reached skill level 9 in Slings
  2637 | D:3      | Noticed Sigmund
  2645 | D:3      | Killed Sigmund
  2645 | D:3      | Reached skill level 10 in Slings
  2645 | D:3      | Reached XP level 6. HP: 39/39 MP: 6/6
  3084 | D:3      | Reached XP level 7. HP: 44/44 MP: 7/7
  3096 | D:3      | Reached skill level 11 in Slings
  3116 | D:3      | Found a bloodstained altar of Trog.
  3748 | D:4      | Reached skill level 12 in Slings
  3762 | D:4      | Found a shattered altar of Ashenzari.
  3815 | D:4      | Noticed Ijyb
  3842 | D:4      | Reached XP level 8. HP: 39/49 MP: 8/8
  3844 | D:4      | Killed Ijyb
  3919 | D:4      | Found an iron altar of Okawaru.
  3927 | D:4      | Became a worshipper of Warmaster Okawaru
  3983 | D:4      | Noticed mopl's ghost (amateur DEAs)
  3999 | D:4      | Killed mopl's ghost
  3999 | D:4      | Reached skill level 5 in Dodging
  4504 | D:4      | Found a deep blue altar of Sif Muna.
  4950 | D:4      | Reached * piety under Okawaru
  5058 | D:5      | Entered Level 5 of the Dungeon
  5930 | D:6      | Found a radiant altar of Vehumet.
  5943 | D:6      | Reached XP level 9. HP: 52/58 MP: 9/9
  6146 | D:6      | Found a bloodstained altar of Trog.
  6147 | D:6      | Noticed a manticore
  6166 | D:6      | Killed a manticore
  6166 | D:6      | Reached skill level 5 in Fighting
  6453 | D:6      | Reached ** piety under Okawaru
  6839 | D:6      | Found a staircase to the Ecumenical Temple.
  6850 | Temple   | Entered the Ecumenical Temple
  7258 | D:7      | Found an ancient bone altar of Kikubaaqudgha.
  7258 | D:7      | Found a sacrificial altar of Ru.
  7261 | D:7      | Found a basalt altar of Yredelemnul.
  7268 | D:7      | Found a burning altar of Makhleb.
  7268 | D:7      | Found a hazy altar of Hepliaklqana.
  7270 | D:7      | Found a bloodstained altar of Trog.
  7362 | D:7      | Reached XP level 10. HP: 66/72 MP: 10/10
  7640 | D:7      | Reached skill level 1 in Short Blades
  7687 | D:7      | Reached *** piety under Okawaru
  8124 | D:7      | Reached skill level 5 in Short Blades
  9046 | D:8      | Noticed a two-headed ogre
  9062 | D:8      | Killed a two-headed ogre
  9062 | D:8      | Reached **** piety under Okawaru
  9062 | D:8      | Received a gift from Okawaru
  9309 | D:8      | Received a gift from Okawaru
  9309 | D:8      | Reached skill level 10 in Short Blades
  9309 | D:8      | Reached XP level 11. HP: 64/77 MP: 9/11
  9500 | D:8      | Found a radiant altar of Vehumet.
 10053 | D:9      | Reached skill level 1 in Invocations
 10153 | D:8      | Received a gift from Okawaru
 10491 | D:9      | Reached skill level 5 in Invocations
 10810 | D:9      | Found a staircase to the Lair.
 10905 | D:9      | Found an opulent altar of Gozag.
 11254 | D:10     | Entered Level 10 of the Dungeon
 11254 | D:10     | Found Wischaj's Magic Scroll Shoppe.
 11254 | D:10     | Found Riemas's Gadget Emporium.
 11260 | D:10     | Bought a scroll of identify for 24 gold pieces
 11260 | D:10     | Bought a scroll of summoning for 114 gold pieces
 11260 | D:10     | Bought a scroll of blinking for 90 gold pieces
 11260 | D:10     | Bought a scroll of identify for 24 gold pieces
 11260 | D:10     | Bought a scroll of recharging for 114 gold pieces
 11260 | D:10     | Bought a scroll of identify for 24 gold pieces
 11260 | D:10     | Bought a scroll of fear for 42 gold pieces
 11260 | D:10     | Bought a scroll of amnesia for 42 gold pieces
 11260 | D:10     | Bought a scroll of identify for 24 gold pieces
 11260 | D:10     | Bought a scroll of identify for 24 gold pieces
 11260 | D:10     | Bought a scroll of enchant armour for 90 gold pieces
 11260 | D:10     | Bought a scroll of teleportation for 36 gold pieces
 11374 | D:10     | Noticed a two-headed ogre
 11381 | D:10     | Killed a two-headed ogre
 11381 | D:10     | Received a gift from Okawaru
 11605 | D:10     | Found Nuisin's Jewellery Shoppe.
 11810 | D:11     | Found a flickering gateway to a bazaar.
 11826 | Bazaar   | Entered a bazaar
 11834 | Bazaar   | Found Feobaos's Jewellery Shop.
 11834 | Bazaar   | Found Eliucac's Antique Armour Shop.
 11900 | Bazaar   | Bought a pair of embroidered gloves for 210 gold pieces
 11955 | D:11     | Received a gift from Okawaru
 12350 | Lair:1   | Entered Level 1 of the Lair of Beasts
 12350 | Lair:1   | Noticed Erica
 12354 | Lair:1   | Reached ***** piety under Okawaru
 12365 | Lair:1   | Killed Erica
 12365 | Lair:1   | Reached skill level 5 in Armour
 12365 | Lair:1   | Reached XP level 12. HP: 83/83 MP: 17/17
 12440 | Lair:1   | Found a labyrinth entrance.
 12451 | Lab      | Entered a labyrinth
 12687 | Lab      | Noticed a minotaur
 12703 | Lab      | Killed a minotaur
 12750 | Lab      | Got a crude chain mail
 12750 | Lab      | Got a spiked helmet
 12756 | Lab      | Identified the +1 helmet "Dor Jool" {+Fly rC- MR++ Str-3} (You found it in a labyrinth)
 12771 | Lab      | Identified the cursed +0 chain mail of Cowardice {rPois} (You found it in a labyrinth)
 12849 | Lair:1   | Received a gift from Okawaru
 12933 | Lair:1   | Noticed a six-headed hydra
 12940 | Lair:1   | Killed a six-headed hydra
 12940 | Lair:1   | Received a gift from Okawaru
 13146 | Lair:1   | Noticed Gastronok
 13146 | Lair:1   | Noticed Fannar
 13195 | Lair:1   | Killed Fannar
 13305 | Lair:1   | Killed Gastronok
 13305 | Lair:1   | Reached skill level 10 in Armour
 13314 | Lair:1   | Learned a level 1 spell: Apportation
 13318 | Lair:1   | Learned a level 3 spell: Portal Projectile
 13374 | Lair:1   | Noticed a five-headed hydra
 13383 | Lair:1   | Killed a five-headed hydra
 13383 | Lair:1   | Received a gift from Okawaru
 13576 | Lair:1   | Noticed Sonja
 13580 | Lair:1   | Killed Sonja
 13628 | Lair:1   | Noticed a seven-headed hydra
 13686 | Lair:1   | Killed a seven-headed hydra
 13906 | Lair:2   | Reached skill level 5 in Translocations
 14048 | Lair:2   | Reached XP level 13. HP: 88/88 MP: 18/18
 14067 | Lair:2   | Learned a level 8 spell: Controlled Blink
 14131 | Lair:2   | Reached skill level 1 in Hexes
 14654 | Lair:3   | Noticed an eight-headed hydra
 14694 | Lair:3   | Killed an eight-headed hydra
 14750 | Lair:3   | Reached skill level 5 in Hexes
 14791 | Lair:3   | Received a gift from Okawaru
 14959 | Lair:3   | Noticed an eight-headed hydra
 14969 | Lair:3   | Killed an eight-headed hydra
 15004 | Lair:3   | Received a gift from Okawaru
 15336 | Lair:3   | Reached ****** piety under Okawaru
 15336 | Lair:3   | Received a gift from Okawaru
 15906 | Lair:3   | Received a gift from Okawaru
 16384 | Lair:4   | Noticed Snorg
 16402 | Lair:4   | Killed Snorg
 16402 | Lair:4   | Reached XP level 14. HP: 93/94 MP: 19/19
 16494 | Lair:4   | Noticed Rupert
 16499 | Lair:4   | Paralysed by Rupert for 6 turns
 16920 | Lair:4   | Killed Rupert
 16920 | Lair:4   | Reached skill level 10 in Translocations
 17132 | Lair:4   | Noticed Kirke
 17153 | Lair:4   | Killed Kirke
 17280 | Lair:4   | Found a staircase to the Swamp.
 17533 | Lair:4   | Found a staircase to the Snake Pit.
 18114 | Lair:5   | Received a gift from Okawaru
 18605 | Lair:5   | Received a gift from Okawaru
 19328 | Lair:6   | Entered Level 6 of the Lair of Beasts
 19745 | Lair:6   | Found a staircase to the Slime Pits.
 20135 | Lair:6   | Reached skill level 1 in Spellcasting
 20145 | Lair:6   | Reached XP level 15. HP: 55/99 MP: 13/20
 20369 | Lair:6   | Found a large runed door.
 20370 | Lair:6   | Found a large runed door.
 20631 | Lair:6   | Received a gift from Okawaru
 21172 | Lair:6   | Received a gift from Okawaru
 21477 | Lair:2   | Learned a level 6 spell: Dispersal
 22561 | D:12     | Noticed Maurice
 22570 | D:12     | Killed Maurice
 22739 | D:12     | Noticed Psyche
 22752 | D:12     | Reached skill level 15 in Translocations
 23195 | D:12     | Killed Psyche
 23383 | D:12     | Received a gift from Okawaru
 23475 | D:12     | Found a staircase to the Orcish Mines.
 23483 | D:12     | Found a roughly hewn altar of Beogh.
 23579 | D:12     | Noticed Frances
 23601 | D:12     | Killed Frances
 23849 | Orc:1    | Entered Level 1 of the Orcish Mines
 24166 | Orc:1    | Received a gift from Okawaru
 24318 | Orc:2    | Entered Level 2 of the Orcish Mines
 24731 | Orc:2    | Paralysed by an orc sorcerer for 3 turns
 24964 | Orc:2    | Received a gift from Okawaru
 25025 | Orc:2    | Noticed a stone giant
 25038 | Orc:2    | HP: 4/99 [stone giant/large rock (15)]
 25228 | Orc:2    | Killed a stone giant
 25369 | Orc:2    | Found a staircase to the Elven Halls.
 25415 | Orc:2    | Noticed an orc warlord
 25706 | Orc:2    | Received a gift from Okawaru
 25766 | Orc:2    | Killed an orc warlord
 26097 | Orc:2    | Found a roughly hewn altar of Beogh.
 26252 | Orc:2    | Found Qucvore's Antique Armour Emporium.
 26264 | Orc:2    | Found Soedimeu's General Store.
 26301 | Orc:2    | Found Viur's Antique Weapon Emporium.
 26484 | Orc:2    | Found Immas's Book Emporium.
 26490 | Orc:2    | Bought a book of Minor Magic for 340 gold pieces
 26493 | Orc:2    | Learned a level 2 spell: Blink
 26516 | Orc:2    | Found Lymag's General Store.
 26547 | Orc:2    | Bought the +4 scale mail of the Camelopard {Int+4 Dex+2 Stlth+} for 696 gold pieces
 26726 | Orc:2    | Reached skill level 5 in Spellcasting
 26898 | Elf:1    | Entered Level 1 of the Elven Halls
 26908 | Elf:1    | Reached XP level 16. HP: 105/105 MP: 16/23
 27227 | Elf:1    | Upgraded the game from 0.20-a0-1006-ge6c5631 to 0.20-a0-1008-g0de3dc5
 27316 | Elf:1    | Noticed a deep elf sorcerer
 27330 | Elf:1    | Killed a deep elf sorcerer
 27330 | Elf:1    | Received a gift from Okawaru
 27679 | Lair:2   | Identified a scroll of acquirement
 27686 | Lair:2   | Got a dazzling short sword
 27688 | Lair:2   | Identified the +8 short sword of Zaillock {vamp, Str+6} (You acquired it on level 2 of the Lair of Beasts)
 28348 | D:12     | Received a gift from Okawaru
 28803 | D:13     | Found a frozen archway.
 28886 | IceCv    | Entered an ice cave
 29286 | IceCv    | Received a gift from Okawaru
 29327 | IceCv    | Got a steaming helmet
 29351 | IceCv    | Identified the +0 helmet of the Lost Path {Str+4 SInv} (You found it in an ice cave)
 29932 | D:13     | Received a gift from Okawaru
 31948 | D:14     | Received a gift from Okawaru
 32057 | D:14     | Reached XP level 17. HP: 109/109 MP: 27/27
 32130 | D:14     | Found a gate to the Vaults.
 32151 | D:14     | Received a gift from Okawaru
 32491 | D:15     | Entered Level 15 of the Dungeon
 32748 | D:15     | Received a gift from Okawaru
 33246 | D:15     | Received a gift from Okawaru
 33298 | D:15     | Found a staircase to the Depths.
 33579 | D:10     | Bought the amulet of the Townfolk {rElec rPois Regen+ Str+3 Dex+5} for 975 gold pieces
 34024 | Snake:1  | Entered Level 1 of the Snake Pit
 34099 | Snake:1  | Found Eghykler's Jewellery Boutique.
 34100 | Snake:1  | Found Hanausmot's Gadget Emporium.
 34100 | Snake:1  | Found Edosaoce's Gadget Emporium.
 35726 | Snake:2  | Received a gift from Okawaru
 35842 | Snake:2  | Reached XP level 18. HP: 84/116 MP: 28/28
 36305 | Lair:2   | Learned a level 8 spell: Disjunction
 36851 | Snake:2  | Noticed Vashnia
 36952 | Snake:2  | HP: 3/116 [naga sharpshooter/arrow[Vashnia] (17)]
 37173 | Swamp:1  | Entered Level 1 of the Swamp
 37197 | Swamp:1  | Received a gift from Okawaru
 37760 | Swamp:1  | Reached skill level 13 in Slings
 38569 | Swamp:1  | Reached skill level 14 in Slings
 39940 | Swamp:3  | Reached skill level 15 in Slings
 40301 | Swamp:3  | Noticed Aizul
 40313 | Swamp:3  | Received a gift from Okawaru
 40336 | Swamp:3  | Killed Aizul
 40419 | Swamp:3  | Reached skill level 16 in Slings
 40630 | Swamp:2  | Upgraded the game from 0.20-a0-1008-g0de3dc5 to 0.20-a0-1015-g2ec8a95
 40736 | Swamp:3  | Received a gift from Okawaru
 41177 | Swamp:3  | Noticed Mara
 41193 | Swamp:3  | Noticed Fingolfin792's illusion
 41199 | Swamp:3  | Killed Mara
 41199 | Swamp:3  | Received a gift from Okawaru
 41199 | Swamp:3  | Reached skill level 17 in Slings
 41200 | Swamp:3  | Got a crude shield {god gift}
 41206 | Swamp:3  | Identified the -1 shield of the Stars {*Slow rPois rC- rN+++} (Okawaru gifted it to you on level 3 of the Swamp)
 41372 | Swamp:4  | Entered Level 4 of the Swamp
 41377 | Swamp:4  | Noticed Jorgrun
 41406 | Swamp:3  | Reached skill level 1 in Shields
 41844 | Snake:2  | Reached XP level 19. HP: 110/121 MP: 22/29
 41865 | Snake:2  | Killed Vashnia
 42479 | Snake:2  | Reached skill level 5 in Shields
 42532 | Snake:2  | HP: 4/121 [naga sharpshooter/bolt (17)]
 43101 | Snake:3  | Got a smoking pewter amulet
 43103 | Snake:3  | Identified the amulet of Yrghanot {Faith *Corrode MR+ Int+2 Stlth+} (You found it on level 3 of the Snake Pit)
 44269 | Snake:4  | Entered Level 4 of the Snake Pit
 44878 | Snake:4  | Reached skill level 10 in Shields
 45329 | Snake:4  | Received a gift from Okawaru
 45856 | Snake:4  | Received a gift from Okawaru
 46157 | Snake:4  | Received a gift from Okawaru
 46157 | Snake:4  | Reached skill level 10 in Dodging
 46241 | Snake:4  | Reached XP level 20. HP: 126/126 MP: 30/30
 46513 | Snake:4  | Received a gift from Okawaru
 47522 | Snake:4  | Received a gift from Okawaru
 47581 | Snake:4  | Got a serpentine rune of Zot
 48867 | Swamp:4  | Killed Jorgrun
 48933 | Swamp:4  | Noticed Louise
 49186 | Swamp:4  | Killed Louise
 49346 | Swamp:4  | Reached skill level 15 in Dodging
 49367 | Swamp:4  | Noticed the 27-headed Lernaean hydra
 49382 | Swamp:4  | Killed the 27-headed Lernaean hydra
 49382 | Swamp:4  | Reached XP level 21. HP: 132/132 MP: 24/31
 49535 | Swamp:4  | Got a decaying rune of Zot
 49581 | Swamp:4  | Received a gift from Okawaru
 50677 | Orc:2    | Received a gift from Okawaru
 50980 | Elf:1    | Found Jiduufirig's Gadget Boutique.
 51040 | Elf:1    | Received a gift from Okawaru
 51730 | Elf:1    | Reached skill level 10 in Fighting
 52605 | Elf:2    | Found a huge runed gate.
 52605 | Elf:2    | Found a huge runed gate.
 52605 | Elf:2    | Found a huge runed gate.
 52605 | Elf:2    | Found a huge runed gate.
 52607 | Elf:2    | Found a huge runed gate.
 53456 | Elf:2    | Received a gift from Okawaru
 53794 | Vaults:1 | Entered Level 1 of the Vaults
 54240 | Vaults:1 | Received a gift from Okawaru
 54354 | Vaults:1 | Paralysed by a great orb of eyes for 4 turns
 54370 | Vaults:1 | Reached XP level 22. HP: 120/150 MP: 20/32
 54905 | Vaults:1 | HP: 3/152 [centaur warrior/arrow (27)]
 55065 | Vaults:1 | Received a gift from Okawaru
 55126 | Vaults:1 | Got a pitted falchion {freeze}
 55127 | Vaults:1 | Identified the cursed +0 falchion "Zoluoh Doop" {freeze, MR+ Dex+2} (You took it off an entropy weaver on level 1 of the Vaults)
 55281 | Vaults:1 | Paralysed by an orc sorcerer for 5 turns
 55579 | Vaults:1 | Received a gift from Okawaru
 56730 | Vaults:2 | Received a gift from Okawaru
 56958 | Vaults:2 | Paralysed by something for 2 turns
 56959 | Vaults:2 | HP: 7/154 [something (16)]
 56959 | Vaults:2 | HP: 2/154 [something (5)]
 57163 | Vaults:2 | Found a staircase to the Crypt.
 57230 | Vaults:2 | Reached skill level 10 in Invocations
 58828 | Vaults:2 | Reached XP level 23. HP: 160/160 MP: 33/33
 59167 | Vaults:3 | Found a magical portal.
 59272 | WizLab   | Entered Iskenderun's Mystic Tower
 60127 | WizLab   | Received a gift from Okawaru
 60642 | WizLab   | Identified Sif Muna's Handbook of Ghastly Attacks
 60685 | WizLab   | Identified Iskenderun's Collected Works on Attacks
 60685 | WizLab   | Identified Iskenderun's Compendium of a Million Shrikes
 61623 | Vaults:3 | Found Astremnuv's Weapon Shop.
 61680 | Vaults:3 | Found Serozyikh's Distillery.
 61707 | Vaults:3 | Found Keraics's Antique Weapon Boutique.
 61980 | Vaults:3 | Found Veih's Jewellery Shop.
 61994 | Vaults:3 | Bought an uncursed ring of see invisible for 270 gold pieces
 62180 | Vaults:3 | Reached skill level 18 in Slings
 62328 | Vaults:3 | Received a gift from Okawaru
 62675 | Vaults:3 | Reached skill level 19 in Slings
 63252 | Vaults:4 | Received a gift from Okawaru
 63253 | Vaults:4 | Got a heavily runed scarf {god gift}
 63264 | Vaults:4 | Identified the scarf of Okawaru's Castigation {Str+2} (Okawaru gifted it to you on level 4 of the Vaults)
 63740 | Vaults:4 | Reached skill level 20 in Slings
 64038 | Vaults:4 | Found a shattered altar of Ashenzari.
 64084 | Vaults:4 | Reached XP level 24. HP: 84/166 MP: 33/33
 64482 | Vaults:4 | Reached skill level 21 in Slings
 64561 | Vaults:4 | Noticed an ancient lich
 64578 | Vaults:4 | Killed an ancient lich
 64706 | Vaults:4 | Got a scorched wooden ring
 64708 | Vaults:4 | Identified the ring "Giagrem" {*Slow rF+ rN+ MR+ Dex+3} (You found it on level 4 of the Vaults)
 64968 | Vaults:4 | Reached skill level 22 in Slings
 65156 | Vaults:4 | Received a gift from Okawaru
 65744 | Vaults:4 | Received a gift from Okawaru
 66078 | Depths:1 | Entered Level 1 of the Depths
 66088 | Depths:1 | Noticed Margery
 66113 | Depths:1 | Reached skill level 23 in Slings
 66127 | Depths:1 | HP: 7/166 [Margery/fireball (36)]
 66280 | D:15     | Received a gift from Okawaru
 66498 | D:15     | Killed Margery
 66834 | Depths:1 | Paralysed by a great orb of eyes for 2 turns
 67475 | Depths:1 | Found a gateway to Hell.
 67892 | Depths:1 | Paralysed by a floating eye for 4 turns
 68198 | Depths:1 | Reached XP level 25. HP: 163/171 MP: 33/33
 68550 | Depths:1 | Paralysed by a lich for 7 turns
 69070 | Depths:1 | HP: 3/171 [spriggan rider/spear (16)]
 69084 | Depths:1 | Received a gift from Okawaru
 69534 | Depths:2 | Reached skill level 1 in Evocations
 69675 | Depths:2 | Received a gift from Okawaru
 70280 | Depths:2 | Reached skill level 5 in Evocations
 70976 | Depths:2 | Received a gift from Okawaru
 70990 | Depths:2 | Got a translucent rapier {god gift}
 70991 | Depths:2 | Identified the +0 rapier of Trial by Ordeal {pierce, rF+ rC- Int+4} (Okawaru gifted it to you on level 2 of the Depths)
 72421 | Depths:3 | Received a gift from Okawaru
 72573 | Depths:3 | Noticed Xtahua
 72614 | Depths:3 | Paralysed by Xtahua for 4 turns
 72636 | Depths:3 | Killed Xtahua
 72806 | Depths:3 | Reached XP level 26. HP: 178/178 MP: 33/33
 72817 | Depths:3 | Noticed Saint Roka
 72951 | Depths:3 | Killed Saint Roka
 73252 | Depths:3 | Received a gift from Okawaru
 73306 | Depths:3 | Reached skill level 5 in Stealth
 73495 | Depths:3 | Upgraded the game from 0.20-a0-1015-g2ec8a95 to 0.20-a0-1017-gc3250ce
 74420 | Depths:3 | Found a one-way gate leading to the halls of Pandemonium.
 74444 | Depths:3 | Paralysed by a sphinx for 2 turns
 75057 | Depths:3 | Reached skill level 10 in Stealth
 76483 | Depths:3 | Reached skill level 1 in Long Blades
 76491 | Depths:3 | Cast into level 2 of the Abyss (a wizard)
 77245 | Abyss:2  | Reached skill level 5 in Long Blades
 77406 | Abyss:2  | Received a gift from Okawaru
 77795 | Abyss:3  | Received a gift from Okawaru
 78107 | Abyss:3  | Found a corrupted altar of Lugonu.
 78207 | Abyss:3  | Gained mutation: You are weak. (Str -2) [a neqoxec]
 78350 | Abyss:4  | Found a corrupted altar of Lugonu.
 78457 | Abyss:4  | Paralysed by you for 4 turns
 78560 | Abyss:4  | Found a radiant altar of Vehumet.
 78707 | Abyss:4  | Paralysed by accursed screaming for 1 turns
 78720 | Abyss:4  | Paralysed by accursed screaming for 1 turns
 78911 | Abyss:4  | Reached XP level 27. HP: 169/183 MP: 33/33
 79079 | Abyss:4  | Got an abyssal rune of Zot
 79328 | Abyss:4  | Gained mutation: Scrolls take you a little longer to read. [a neqoxec]
 79332 | Abyss:4  | Gained mutation: Your spells are a little easier to cast, but a little less powerful. [a neqoxec]
 79413 | Abyss:4  | Gained mutation: Your spells are easier to cast, but less powerful. [a neqoxec]
 79525 | Depths:3 | Escaped the Abyss
 79593 | Depths:3 | Reached skill level 10 in Long Blades
 79749 | Depths:3 | Received a gift from Okawaru
 80269 | Depths:3 | Paralysed by a floating eye for 4 turns
 81578 | Depths:4 | Received a gift from Okawaru
 81779 | Depths:4 | Found a gateway to a ziggurat.
 82411 | Depths:4 | Received a gift from Okawaru
 82621 | Depths:4 | Found a one-way gate to the infinite horrors of the Abyss.
 82736 | Depths:4 | Received a gift from Okawaru
 82852 | Depths:4 | Got a smoking steel ring
 82870 | Depths:4 | Identified the ring "Ryirgh Maan" {rPois Dex+6 Stlth-} (You found it on level 4 of the Depths)
 82898 | Depths:4 | Got a translucent lead ring
 82900 | Depths:4 | Identified the ring "Zuff" {Wiz Str-4 Dex+8} (You found it on level 4 of the Depths)
 83096 | Depths:4 | Received a gift from Okawaru
 83106 | Depths:4 | Got a pair of translucent boots
 83117 | Depths:4 | Identified the +0 pair of boots of Fortitude {rF- Regen+ Stlth+} (You found it on level 4 of the Depths)
 83342 | Depths:4 | Received a gift from Okawaru
 83726 | Depths:4 | Identified the Compendium of Battle Magic and the Escort
 83994 | D:10     | Bought a scroll of acquirement for 624 gold pieces
 84202 | Depths:5 | Entered Level 5 of the Depths
 84218 | Depths:5 | Reached skill level 15 in Long Blades
 84373 | Depths:4 | Learned a level 3 spell: Ozocubu's Armour
 84405 | Depths:4 | Reached skill level 1 in Ice Magic
 84412 | Depths:4 | Received a gift from Okawaru
 84412 | Depths:4 | Reached skill level 1 in Charms
 85121 | Depths:5 | Received a gift from Okawaru
 85168 | Depths:5 | Identified a +1 pair of boots of running (Okawaru gifted it to you on level 5 of the Depths)
 85224 | Depths:5 | Reached skill level 5 in Charms
 85582 | Depths:5 | Reached skill level 5 in Ice Magic
 86016 | Depths:5 | Got a pitted amber ring
 86265 | Depths:5 | Identified the ring "Lyut" {rPois rC++ Str-2 Dex+3} (You took it off a black draconian on level 5 of the Depths)
 86758 | Lair:2   | Learned a level 2 spell: Swiftness
 86761 | Lair:2   | Learned a level 2 spell: Passwall
 87809 | Depths:5 | Found a gate to the Realm of Zot.
 89069 | Depths:5 | Received a gift from Okawaru
 89070 | Depths:5 | Got a pair of pitted boots {god gift}
 89081 | Depths:5 | Identified the +1 pair of boots of Okawaru's Approval {rElec Regen+ Dex-4} (Okawaru gifted it to you on level 5 of the Depths)
 89127 | Depths:5 | Gained mutation: You are partially covered in rugged brown scales. (AC +1, +3% HP) [mutagenic glow]
 89171 | Depths:2 | Gained mutation: You tend to lose your temper in combat. [mutagenic glow]
 89400 | Elf:3    | Entered Level 3 of the Elven Halls
 89942 | Elf:3    | Noticed Roxanne
 90232 | Elf:3    | Killed Roxanne
 90458 | Elf:3    | Noticed 4thArraOfDagon's ghost (journeyman GnWn)
 90491 | Elf:3    | Killed 4thArraOfDagon's ghost
 91126 | Elf:3    | Got an ebony long sword {distort}
 91127 | Elf:3    | Identified the +3 long sword "Uxkuwk" {distort, rElec Int-4 Dex+5} (You took it off a deep elf archer on level 3 of the Elven Halls)
 91143 | Elf:3    | Gained mutation: Your body sometimes deteriorates upon taking damage. [mutagenic glow]
 91659 | Elf:3    | Reached skill level 15 in Shields
 92156 | Elf:3    | Got a glittering pewter amulet
 92403 | Elf:3    | Received a gift from Okawaru
 92559 | Elf:3    | Identified Kerphiytse's Volume of Ice
 92585 | Elf:3    | Identified Fuuntikk's Last Papyrus of Boris
 92993 | Lair:2   | Identified the amulet of Wemampat {+Rage +Inv MR- Str+2 Slay+4} (You took it off a deep elf master archer on level 3 of the Elven Halls)
 93295 | Vaults:5 | Entered Level 5 of the Vaults
 93298 | Vaults:5 | Noticed Frederick
 93500 | Vaults:4 | HP: 7/188 [vault guard/long sword (18)]
 93501 | Vaults:4 | Killed from afar by a war gargoyle

Vault maps used:
D:1:      saegor_arrival_under_anarchy
D:2:      minmay_splitting_lines, uniq_terence
D:3:      first_bread, trog_hazing_becter, uniq_sigmund
D:4:      nicolae_overflow_crystal_walls, marbit_many_paths, okawaru_gym_becter,
          uniq_iyjb
D:6:      minmay_temple_entry_fiery, minmay_misc_feat_tower,
          hangedman_feature_mirror
D:7:      minitemple
D:8:      vehumet_statue
D:9:      erik_lair_island, nicolae_gozag_cash_rules_everything_around_me
D:10:     serial_shops, shop, nicolae_shop_stone, shop_coins
D:11:     serial_shops, bzr_in_the_mist, hangedman_stone_soup
D:12:     minmay_orc_entry_temple_small, uniq_frances, uniq_psyche, uniq_maurice
D:13:     portal_ice_cave_demonic_guard, minmay_misc_feat_nine_boxes,
          st_stairs_10
D:14:     grunt_vaults_entry_tiered, minmay_staircase_statues, hangedman_aviary
D:15:     grunt_enter_depths_hoard, nicolae_twisting_strands,
          lightli_fourway_metalbox
Temple:   minmay_temple_bridge_abc
Lair:1:   lab_entry_generic, beast_lair_carwin_5, uniq_gastronok, uniq_fannar,
          uniq_erica, uniq_sonja
Lair:4:   minmay_swamp_entry_swarm, minmay_snake_entry_six_corridors,
          serial_forest, infiniplex_forest_lined_room_2,
          infiniplex_forest_zigzag_1, infiniplex_forest_lined_corner,
          infiniplex_forest_straight_2, infiniplex_forest_lined_3_way,
          infiniplex_forest_straight_3, infiniplex_forest_clump_tiny,
          infiniplex_forest_straight_1, uniq_rupert, uniq_snorg, uniq_kirke
Lair:5:   serial_bayou_shore_b
Lair:6:   cheibrodos_lair_end_hotspot, slime_dummy
Swamp:1:  evilmike_swamp_ruin_house_4, infiniplex_staircase_pool_2
Swamp:2:  evilmike_swamp_ruin_house_5
Swamp:3:  serial_swamp_ruin, evilmike_swamp_ruin_house_2,
          evilmike_swamp_ruin_house_3, hangedman_swamp_ruin_hall, uniq_aizul,
          uniq_mara
Swamp:4:  grunt_swamp_rune_castle, swamp_pool1, uniq_louise, uniq_jorgrun
Snake:1:  minmay_shop_grove
Snake:2:  serial_bayou_shore_b, uniq_vashnia
Snake:4:  grunt_snake_rune_spirals
Orc:2:    grunt_orc_cross, serial_shops, nicolae_shop_crystal
Elf:1:    serial_shops, shop, evilmike_minifort
Elf:3:    minmay_elf_hall_statues, uniq_roxanne
Vaults:1: vaults_dpeg_encased_lava, hangedman_vaults_stagger,
          nicolae_vaults_rhombus_7, vaults_standard_mumra_enter_the_diamond,
          st_cells, grunt_vaults_hallway_short, v_misc_10,
          ontoclasm_vaults_decontamination
Vaults:2: nicolae_vaults_little_squares_2, grunt_vaults_trifunnel,
          dpeg_vaults_monster_box, v_misc_33, minmay_crypt_entry_simple_statues,
          v_misc_29, ontoclasm_vaults_chip, nicolae_vaults_alarming,
          vaults_room_pool, stair_cage_open, vaults_mumra_chevron,
          nicolae_vaults_statue_guard
Vaults:3: ontoclasm_vaults_pinch, ontoclasm_vaults_idyll,
          vaults_room_semicircle, nicolae_vaults_network_quinsquares,
          hangedman_vaults_stretched_pinwheel, nicolae_vaults_rhombus_7,
          ontoclasm_vaults_ring_small, hangedman_vaults_snaps,
          vaults_mumra_minichess_inversion, v_misc_16, serial_shops, shop,
          nicolae_shop_behind_doors, shop_statue,
          nicolae_shop_competitors_out_of_business, mu_enter_wizlab_4
Vaults:4: v_rooms_3, st_quartered_hall, vaults_dpeg_cross, v_alt_pattern_1,
          vaults_mumra_hexcomb, vaults_room_grid, basic_altar
Vaults:5: serial_shops, uniq_frederick, uniq_margery
Depths:1: serial_sigils_hangedman_gut, grunt_metal_band,
          kennysheep_just_a_vault, grunt_megastairs_3, firewood_loft
Depths:2: grunt_deathspiral_small, hell_entry, hangedman_abyss_or_decor_passed,
          kennysheep_flooded_box, infiniplex_staircase_split_hallway,
          serial_bayou_shore_a, serial_bayou_shore_b
Depths:3: kennysheep_windowed_halls, grunt_hell_entry_dis_mu,
          rand_demon_pan_entry_7, kennysheep_big_empty_room,
          roderic_lattice_octagonal_star, uniq_xtahua, uniq_saint_roka
Depths:4: vault_1, enter_ziggurat_e, abyss_entry, hangedman_tar_grid_catacomb,
          rand_demon_pan_entry_3
Depths:5: lemuel_castle_with_subvaults, hellmouth_1, serial_sigils,
          serial_sigils_hangedman_gnaw, serial_sigils_hangedman_writhe,
          serial_sigils_hangedman_etch, serial_sigils_hangedman_scar,
          minivault_16, serial_bayou_shore_b
Abyss:2:  patterned_corridor, hangedman_abyss_theft
Abyss:3:  hangedman_cross_veins
Abyss:4:  evilmike_abyss_exit_6, hangedman_summoners_spam,
          serial_sigils_hangedman_shear, evilmike_abyss_exit_7
Lab:      labyrinth_hidden_loot
Bazaar:   bazaar_jpeg_cross
IceCv:    ice_cave_statue_garden_chambered
WizLab:   wizlab_iskenderun

Skill      XL: |  1  2  3  4  5  6  7  8  9 10 11 12 13 14 15 16 17 18 19 20 21 22 23 24 25 26 27 |
---------------+----------------------------------------------------------------------------------+-----
Slings         | 6 7 8 10 12 17 20 23 | 23.0
Dodging        | 4 7 10 15 | 15.9
Fighting       | 3 8 12 14 | 14.1
Short Blades   | 10 | 10.7
Invocations    | 7 12 14 | 14.4
Armour         | 5 10 13 14 | 14.4
Translocations | 6 9 13 16 18 20 21 | 21.1
Hexes          | 7 |  7.2
Spellcasting   | 1 5 7 |  7.2
Shields        | 2 10 12 16 | 16.2
Evocations     | 8 |  8.1
Stealth        | 2 11 14 | 14.3
Long Blades    | 9 15 | 15.2
Ice Magic      | 6 |  6.6
Charms         | 7 |  7.1

Action                   |  1- 3 |  4- 6 |  7- 9 | 10-12 | 13-15 | 16-18 | 19-21 | 22-24 | 25-27 || total
-------------------------+-------+-------+-------+-------+-------+-------+-------+-------+-------++-------
Melee: Short sword       |    92 |    36 |     9 |     5 |       |       |       |       |       ||   142
       Quick blade       |       |       |       |       |     8 |       |       |       |   185 ||   193
       Hunting sling     |       |       |       |       |     1 |       |       |       |       ||     1
       Demon blade       |       |       |       |       |       |       |       |       |  2097 ||  2097
       Fustibalus        |       |       |       |       |       |       |       |       |     2 ||     2
 Fire: Hunting sling     |    53 |   130 |   505 |  1034 |  2158 |  2767 |  2944 |  2918 |       || 12509
       Fustibalus        |       |       |       |       |       |       |       |   384 |  2341 ||  2725
Throw: Stone             |       |       |       |       |       |       |       |       |     2 ||     2
 Cast: Apportation       |       |       |       |     9 |    92 |    69 |    35 |    44 |    71 ||   320
       Portal Projectile |       |       |       |       |     4 |     6 |     3 |       |     4 ||    17
       Dispersal         |       |       |       |       |     4 |     1 |     8 |     7 |    15 ||    35
       Blink             |       |       |       |       |     1 |       |       |     1 |     1 ||     3
       Controlled Blink  |       |       |       |       |       |    12 |     4 |     8 |    16 ||    40
       Disjunction       |       |       |       |       |       |     6 |    14 |     7 |    22 ||    49
       Swiftness         |       |       |       |       |       |       |       |       |     2 ||     2
Invok: Heroism           |       |       |       |     4 |    10 |     8 |     4 |    13 |     4 ||    43
       Finesse           |       |       |       |     1 |    13 |    10 |     9 |    16 |     7 ||    56
 Abil: Cancel Portal Pro |       |       |       |       |     2 |       |     1 |       |     1 ||     4
       Evoke Flight      |       |       |       |       |       |       |     2 |       |     1 ||     3
  Use: Potion            |       |     2 |       |       |     3 |     3 |     2 |     3 |    14 ||    27
       Scroll            |       |       |       |    19 |     7 |    12 |     5 |     7 |    19 ||    69
 Stab: Distracted        |       |     1 |       |       |       |       |       |       |    15 ||    16
       Sleeping          |       |       |       |       |       |       |       |       |    22 ||    22
       Invisible         |       |       |       |       |       |       |       |       |     2 ||     2
  Eat: Chunk             |     1 |     6 |    12 |    14 |    44 |    36 |    21 |    44 |    69 ||   247
       Fruit             |       |       |       |     4 |       |       |       |       |     2 ||     6
       Bread ration      |       |       |       |       |       |     4 |     4 |     1 |     6 ||    15
       Meat ration       |       |       |       |       |       |     2 |     2 |     1 |     3 ||     8
       Royal jelly       |       |       |       |       |       |     1 |     1 |       |     2 ||     4
Armor: Leather armour    |    15 |    10 |    43 |    59 |       |       |       |       |       ||   127
       Ring mail         |       |       |       |    56 |   212 |       |       |       |       ||   268
       Scale mail        |       |       |       |       |     6 |    22 |       |       |       ||    28
       Troll leather arm |       |       |       |       |       |   255 |    75 |   162 |   236 ||   728
       Robe              |       |       |       |       |       |       |       |       |    38 ||    38
Dodge: Dodged            |    89 |    46 |   116 |   332 |   504 |   734 |   548 |  1645 |  2415 ||  6429
Block: Buckler           |       |       |       |       |       |       |       |       |  1218 ||  1218
       Reflection        |       |       |       |       |       |       |       |       |    63 ||    63
       Rpst.: Demon blade |       |       |       |       |       |       |       |       |   290 ||   290
